 Dungeon Crawl Stone Soup version 0.22.1-1-ga44c0e56f4 (webtiles) character file.

663 JOKERXD40 the Chopper (level 7, 0/60 HPs)
             Began as a Minotaur Berserker on Oct 26, 2018.
             Was a Priest of Trog.
             Slain by an orc wizard
             ... wielding a +0 dagger
              (2 damage)
             ... on level 5 of the Dungeon.
             The game lasted 00:14:53 (3353 turns).

JOKERXD40 the Chopper (Minotaur Berserker)          Turns: 3353, Time: 00:14:55

Health: 0/60       AC:  7    Str: 24    XL:     7   Next: 31%
Magic:  6/6        EV:  7    Int:  4    God:    Trog [***...]
Gold:   82         SH: 15    Dex:  9    Spells: 6/6 levels left

rFire    + . .     SeeInvis .   a - +1 hand axe
rCold    + . .     Gourm    .   j - +0 large shield
rNeg     . . .     Faith    .   d - +0 scale mail
rPois    .         Spirit   .   (helmet restricted)
rElec    .         Reflect  .   u - scarf {rC+ rF+}
rCorr    .         Harm     .   (no gloves)
MR       ++...                  (no boots)
Stlth    ..........             i - amulet of the acrobat
HPRegen  1.20/turn              (no ring)
MPRegen  0.10/turn              (no ring)

@: berserk cooldown, regenerating, slowed, very slow
A: retaliatory headbutt, horns 2
a: Berserk, Trog's Hand, Renounce Religion


You were on level 5 of the Dungeon.
You worshipped Trog.
Trog was most pleased with you.
You were not hungry.

You visited 1 branch of the dungeon, and saw 5 of its levels.

You collected 82 gold pieces.

Inventory:

Hand Weapons
 a - a +1 hand axe (weapon)
Missiles
 g - 131 stones (quivered)
 h - 38 poisoned needles
Armour
 d - a +0 scale mail (worn)
 j - a +0 large shield (worn)
 u - a scarf of resistance (worn)
Jewellery
 i - an amulet of the acrobat (around neck)
Wands
 e - a wand of polymorph (13)
 n - a wand of digging (17)
 q - a wand of paralysis (14)
Scrolls
 k - 2 scrolls of enchant weapon
 l - a scroll of amnesia {unknown}
 m - a scroll of enchant armour {unknown}
 p - 2 scrolls of identify
 r - a scroll of fog {unknown}
 v - 2 scrolls of remove curse
Potions
 b - a potion of resistance {unknown}
 f - a potion of heal wounds {unknown}
 o - a potion of invisibility {unknown}
 t - a potion of haste {unknown}
 w - a potion of brilliance {unknown}
 z - a potion of agility {unknown}
 A - a potion of flight {unknown}
Comestibles
 c - 8 rations


   Skills:
 + Level 4.8 Fighting
 + Level 6.3 Axes
 + Level 0.6 Throwing
 + Level 5.3 Armour
 + Level 3.0 Dodging
 + Level 0.1 Stealth
 + Level 4.6 Shields


You had 6 spell levels left.
You didn't know any spells.
Your spell library was empty.

Dungeon Overview and Level Annotations

Branches:
Dungeon (5/15)             Temple (0/1) D:4

Altars:
Cheibriados
Elyvilon
Fedhas
Hepliaklqana
Makhleb
Nemelex Xobeh
Okawaru
Sif Muna
Yredelemnul
The Shining One


Innate Abilities, Weirdness & Mutations

You reflexively headbutt those who attack you in melee.
You have a pair of horns on your head.


Message History

The orc hits you with a short sword of venom.
* * * LOW HITPOINT WARNING * * *
The orc barely misses you. You block the orc wizard's attack.
The orc barely misses you. You furiously retaliate!
You headbutt the orc!
You kill the orc!
Trog accepts your kill. The orc barely misses you.
You hit the orc wizard.
The orc wizard is moderately wounded.
You closely miss the orc. You hit the orc. You block the orc's attack.
The orc wizard hits you with a dagger.
* * * LOW HITPOINT WARNING * * *
The orc wizard casts a spell at you. The magic dart hits you!
* * * LOW HITPOINT WARNING * * *
The orc hits you with a war axe.
* * * LOW HITPOINT WARNING * * *
An orc comes into view. It is wielding a mace.
The orc wizard hits you with a dagger.
You die...

#≈≈≈≈≈#+###..........#
#.§.....##.......$..#######
+..........................
#..........................
#..................).......
+.......####+##.....##.....
#####'### ##.....##.....
.$........# #%.o..........
..........# +.@o.....o....
..........# #.o.o.........
..(.......# #..o.........
..$.......# ##...o.######
........... #.....#
............ '.......
.#........ ..#......... .
#.........


You could see 2 orc wizards and 5 orcs.

Vanquished Creatures
  An ice beast (D:5)
  A phantom (D:4)
  2 crimson imps (D:5)
  An orc priest (D:5)
  2 hounds
  2 orc wizards (D:3)
  An iguana (D:4)
  Natasha (D:4)
  A worker ant (D:4)
  8 adders
  An ooze (D:4)
  4 worms
  A leopard gecko (D:2)
  7 orcs
  5 giant cockroaches
  12 goblins
  14 hobgoblins
  7 jackals
  A quokka (D:4)
  6 bats
  7 frilled lizards
  A jackal zombie (D:5)
  9 kobolds
  A leopard gecko skeleton (D:4)
  11 rats
107 creatures vanquished.

Notes
Turn   | Place    | Note
-------+----------+-------------------------------------------
     0 | D:1      | JOKERXD40 the Minotaur Berserker began the quest for the
                  | Orb.
     0 | D:1      | Reached XP level 1. HP: 19/19 MP: 0/0
   240 | D:1      | Reached XP level 2. HP: 27/27 MP: 1/1
   248 | D:1      | Reached skill level 4 in Axes
   639 | D:2      | Reached ** piety under Trog
   677 | D:2      | Reached XP level 3. HP: 33/33 MP: 2/2
  1004 | D:2      | Found a blossoming altar of Fedhas.
  1016 | D:2      | Found a snail-covered altar of Cheibriados.
  1179 | D:2      | Reached XP level 4. HP: 40/41 MP: 3/3
  1478 | D:2      | Reached skill level 1 in Shields
  1485 | D:2      | Reached skill level 5 in Axes
  1498 | D:3      | Reached XP level 5. HP: 24/47 MP: 4/4
  1947 | D:3      | Reached *** piety under Trog
  2178 | D:3      | Found a glowing golden altar of the Shining One.
  2548 | D:4      | Found a staircase to the Ecumenical Temple.
  2618 | D:4      | Found a white marble altar of Elyvilon.
  2690 | D:4      | Found a sparkling altar of Nemelex Xobeh.
  2690 | D:4      | Found a hazy altar of Hepliaklqana.
  2692 | D:4      | Found an iron altar of Okawaru.
  2694 | D:4      | Found a deep blue altar of Sif Muna.
  2695 | D:4      | Found a basalt altar of Yredelemnul.
  2780 | D:4      | Reached XP level 6. HP: 52/53 MP: 5/5
  2909 | D:4      | Noticed Natasha
  2914 | D:4      | Killed Natasha
  3147 | D:5      | Entered Level 5 of the Dungeon
  3154 | D:5      | Found a burning altar of Makhleb.
  3163 | D:5      | Noticed an ice beast
  3169 | D:5      | Killed an ice beast
  3169 | D:5      | Reached skill level 6 in Axes
  3169 | D:5      | Reached XP level 7. HP: 60/60 MP: 6/6
  3170 | D:5      | Reached skill level 5 in Armour
  3343 | D:5      | HP: 2/90 [something (4)]
  3349 | D:5      | HP: 3/60 [something (1)]
  3350 | D:5      | HP: 1/60 [orc/short sword of venom (3)]
  3353 | D:5      | Slain by an orc wizard

Skill      XL: |  1  2  3  4  5  6  7 |
---------------+----------------------+-----
Fighting       | 4 |  4.8
Axes           | 4 5 6 |  6.3
Shields        | 2 3 4 |  4.6
Armour         | 3 4 5 |  5.3
Dodging        | 3 |  3.0
Throwing       | |  0.6
Stealth        | |  0.1

Action                   |  1- 3 |  4- 6 |  7- 9 || total
-------------------------+-------+-------+-------++-------
Melee: Hand axe          |    95 |   167 |    34 ||   296
       Headbutt          |    11 |    27 |     4 ||    42
Throw: Stone             |    10 |     4 |       ||    14
Invok: Berserk           |       |     2 |     1 ||     3
       Trog's Hand       |       |       |     1 ||     1
  Use: Scroll            |       |     6 |       ||     6
       Potion            |       |     1 |     2 ||     3
  Eat: Chunk             |     1 |     8 |       ||     9
       Ration            |       |       |     1 ||     1
Armor: Scale mail        |    33 |    46 |    25 ||   104
Dodge: Dodged            |    42 |    23 |    28 ||    93
Block: Large shield      |    29 |   107 |    22 ||   158
